 Dungeon Crawl Stone Soup version 0.28-a0-1406-ga8dd43b1d0 (webtiles) character file.

Game seed: 7659859016376875910

45240 Ijustatesigmund the Epochal (level 14, -37/135 HPs)
             Began as a Hill Orc Fighter on Jan 6, 2022.
             Was an Elder of Cheibriados.
             Annihilated by a minotaur (44 damage)
             ... in a Gauntlet.
             The game lasted 00:41:29 (19759 turns).

Ijustatesigmund the Epochal (Hill Orc Fighter)     Turns: 19759, Time: 00:41:30

Health: -37/135    AC: 33    Str: 44    XL:     14   Next: 32%
Magic:  3/26       EV: 16    Int: 17    God:    Cheibriados [****..]
Gold:   968        SH: 11    Dex: 21    Spells: 12/13 levels left

rFire   . . .      SeeInvis +   a - +2 broad axe (flame)
rCold   . . .      Faith    .   c - +0 buckler
rNeg    . . .      Spirit   .   b - +10 plate armour of Ytaask {+Blink rElec Will+ Str+4}
rPois   .          Reflect  +   S - +1 hat
rElec   +          Harm     .   m - +1 cloak
rCorr   .          Rampage  .   p - +1 pair of gloves {Str+3}
Will    ++...      NoTele   +   (no boots)
Stlth   ..........              n - amulet of reflection
HPRegen 0.32/turn               i - ring "Woxzuzek" {EV+4 SInv}
MPRegen 0.20/turn               x - +6 ring of strength

@: very slow
A: no striking features
a: Renounce Religion, Evoke Blink, Bend Time, Temporal Distortion, Slouch


You were in a Gauntlet.
You worshipped Cheibriados.
Cheibriados was greatly pleased with you.
You visited 3 branches of the dungeon, and saw 17 of its levels.
You visited the Abyss 1 time.
You also visited: Ossuary and Gauntlet.

You collected 968 gold pieces.

Inventory:

Hand Weapons
 a - a +2 broad axe of flaming (weapon)
 j - a +3 mace
 k - a +4 hand axe
 E - a +3 war axe of protection
Missiles
 q - a throwing net
 s - 2 atropa-tipped darts
 u - 5 javelins (quivered)
Armour
 b - the +10 plate armour of Ytaask (worn) {+Blink rElec Will+ Str+4}
   (You took it off a gnoll sergeant on level 7 of the Dungeon)

   Str:       It affects your strength (+4).
   rElec:     It insulates you from electricity.
   +Blink:    It lets you blink.
   Will:      It increases your willpower.
 c - a +0 buckler (worn)
 m - a +1 cloak (worn)
 p - a +1 pair of gloves of strength (worn)
 y - a scarf of repulsion
 S - a +1 hat (worn)
Jewellery
 i - the ring "Woxzuzek" (left hand) {EV+4 SInv}
   (You found it on level 1 of the Abyss)

   [ring of evasion]

   EV:        It affects your evasion (+4).
   SInv:      It lets you see invisible.
 n - an amulet of reflection (around neck)
 r - a ring of protection from fire
 x - a +6 ring of strength (right hand)
 A - a ring of magical power
 F - an amulet of the acrobat
 L - a ring of resist corrosion
 T - a ring of positive energy
Wands
 w - a wand of paralysis (2)
 B - a wand of iceblast (13)
 D - a wand of digging (11)
 K - a wand of flame (1)
 N - a wand of polymorph (3)
Scrolls
 e - 4 scrolls of immolation
 g - 4 scrolls of teleportation
 t - 2 scrolls of amnesia
 z - 2 scrolls of magic mapping
 C - a scroll of brand weapon
 H - a scroll of silence
 I - a scroll of fog
 M - a scroll of enchant armour
Potions
 d - 3 potions of attraction
 f - 4 potions of mutation
 h - 3 potions of flight
 l - 4 potions of lignification
 o - 4 potions of cancellation
 v - 4 potions of curing
 G - a potion of magic
 J - a potion of ambrosia
 O - 2 potions of brilliance
 P - a potion of invisibility {unknown}
 Q - a potion of experience {unknown}


   Skills:
 + Level 15.2 Fighting
 + Level 11.2 Axes
 + Level 15.3 Armour
 + Level 4.2 Dodging
 + Level 6.2 Shields
 + Level 0.0 Spellcasting
 + Level 3.8 Translocations
 - Level 17.6 Invocations
 - Level 4.5 Evocations


You had 12 spell levels left.
You knew the following spells:

 Your Spells              Type           Power      Damage    Failure   Level
a - Apportation           Tloc           26%        N/A       21%         1

Your spell library contained the following spells:

 Spells                   Type           Power      Damage    Failure   Level
 Gell's Gravitas          Tloc           13%        N/A       52%         3
 Teleport Other           Tloc           13%        N/A       52%         3
 Shock                    Conj/Air       0%         1d3       67%         1
 Sting                    Tmut/Pois      0%         1d3       67%         1
 Portal Projectile        Hex/Tloc       12%        N/A       80%         3
 Poisonous Vapours        Pois/Air       0%         N/A       82%         2
 Scorch                   Fire           0%         2d5       82%         2
 Sublimation of Blood     Necr           0%         N/A       82%         2
 Dazzling Flash           Conj/Hex       0%         N/A       96%         3
 Frozen Ramparts          Ice            0%         1d2       96%         3
 Swiftness                Air            0%         N/A       96%         3
 Airstrike                Air            0%         N/A       100%        4
 Flame Wave               Conj/Fire      0%         2d4       100%        4
 Ice Form                 Ice/Tmut       0%         N/A       100%        4
 Olgreb's Toxic Radiance  Pois           0%         N/A       100%        4
 Petrify                  Tmut/Erth      0%         N/A       100%        4
 Summon Ice Beast         Ice/Summ       0%         N/A       100%        4
 Agony                    Necr           0%         N/A       100%        5
 Alistair's Intoxication  Tmut/Pois      0%         N/A       100%        5
 Blade Hands              Tmut           0%         N/A       100%        5
 Excruciating Wounds      Necr           0%         N/A       100%        5
 Irradiate                Conj/Tmut      0%         3d14      100%        5
 Silence                  Hex/Air        0%         N/A       100%        5
 Dispersal                Tloc           6%         N/A       100%        6
 Summon Cactus Giant      Summ           0%         N/A       100%        6
 Borgnjor's Revivificati  Necr           0%         N/A       100%        8
 Necromutation            Tmut/Necr      0%         N/A       100%        8
 Death's Door             Necr           0%         N/A       100%        9


Dungeon Overview and Level Annotations

Branches:
Dungeon (15/15)            Temple (1/1) D:6            Lair (1/6) D:11
    Orc (0/2) D:9          Vaults (0/5) D:13         Depths (0/4) D:15
Ossuary (visited)         Gauntlet (1/1)

Altars:
Ashenzari
Cheibriados
Dithmenos
Elyvilon
Fedhas
Gozag
Hepliaklqana
Kikubaaqudgha
Makhleb
Nemelex Xobeh
Okawaru
Qazlal
Ru
Sif Muna
Trog
Uskayaw
Vehumet
Wu Jian
Xom
Yredelemnul
Zin
The Shining One

Shops:
D:14 (

Portals:
Abyss: D:4

Annotations:
D:12 3 runed translucent doors, nikki's ghost, journeyman PaFi
D:14 exclusion: orange crystal statue Gauntlet 6 transporters, exclusion: orange crystal statue


Message History

* * * LOW HITPOINT WARNING * * *
You feel your power leaking away. You block the minotaur's attack.
Okay, then.
Okay, then.
Magic courses through your body. You block the minotaur's attack.
The minotaur gores you but does no damage.
You step out of the flow of time.
You hear a bellow! x10
You return to the normal time flow.
Cheibriados lowers the support of your attributes as your movement quickens.
The minotaur bellows!
As you read the scroll of fear, it crumbles to dust.
You assume a fearsome visage.
The minotaur resists with some effort.
The minotaur throws a silver javelin.
The silver javelin closely misses you.
You feel better.
You slice the minotaur!! You burn the minotaur.
The minotaur is moderately wounded.
You block the minotaur's attack.
The minotaur goes berserk!
The minotaur gores you but does no damage.
You barely miss the minotaur.
The minotaur is moderately wounded.
The minotaur closely misses you. You block the minotaur's attack.
The minotaur hits you with the +8 Wrath of Trog {antimagic, *Rage Rampage}.
* * * LOW HITPOINT WARNING * * *
You feel your power leaking away. You block the minotaur's attack.
Activating: Slouch (0% risk of failure)
Press: ? - help, Dir - look around, f - activate You can feel time thicken for a moment.
You can no longer step out of the flow of time.
Cheibriados lowers the support of your attributes as your movement quickens.
The minotaur barely misses you. The minotaur gores you!!
* * * LOW HITPOINT WARNING * * *
Activating: Slouch (0% risk of failure)
Press: ? - help, Dir - look around, f - activate You can feel time thicken for a moment.
Cheibriados lowers the support of your attributes as your movement quickens.
The minotaur hits you with the +8 Wrath of Trog {antimagic, *Rage Rampage}!!!
You die...

######.8.#≈≈.#[###
#...##...##≈.#)###
#.#.##.8.###.#©###
#.#......##..#.... #
#.#.##.8.#...#!.8. ###'
#...##...#.∩.#....
#..⌠.##.#.##.©.#...#####
+⌠....H.#......#.8.....#
#...∩##@#.##.©.#...#####
#.⌠H #...##...#.∩.#....
##+ #.#.##.8.#...#[##.
#.#......##..#.##.
#.#.##.8.###.#§#.©
#...##...##≈.#..^.
######.8.#≈≈.####.
#...##≈.###.. ##.#####


You could see a minotaur (berserk).

Vanquished Creatures
  A blizzard demon (Gauntlet)
  3 hydras
  2 centaur warriors (D:14)
  2 dancing weapons (D:13)
  4 two-headed ogres
  4 skeletal warriors (D:15)
  A flayed ghost (D:15)
  Pikel (D:4)
  A wizard (D:15)
  The ghost of karf the Poker, a novice FoFi of Ru (D:4)
  A necromancer (D:15)
  3 deep elf pyromancers
  A stone giant zombie (D:15)
  7 cyclopes
  11 ugly things
  A salamander (shapeshifter) (D:13)
  A moth of wrath (Gauntlet)
  A worldbinder (Gauntlet)
  3 manticores
  A black mamba (Lair:1)
  5 gargoyles
  A cane toad (Lair:1)
  Maggie (D:9)
  3 unseen horrors
  A kobold demonologist (D:12)
  A yaktaur (D:15)
  5 trolls
  A freezing wraith (D:14)
  A guardian mummy (D:15)
  A hornet (shapeshifter) (D:14)
  2 spriggan zombies (D:15)
  4 blink frogs (Lair:1)
  6 meliai
  14 slime creatures
  3 shadows
  Sigmund (D:2)
  2 wyverns (D:9)
  12 yaks
  Eustachio (D:5)
  A spriggan skeleton (D:15)
  3 wraiths
  A human (shapeshifter) (D:15)
  2 humans (D:8)
  A basilisk (shapeshifter) (D:14)
  A steam dragon (D:9)
  10 vampire mosquitoes
  Menkaure (D:4)
  2 acid dragons
  4 water moccasins
  Duvessa (D:5)
  4 black bears
  4 orc warriors
  2 sky beasts (D:7)
  A small abomination (D:4)
  2 ice beasts
  3 ogres
  4 wolves (Gauntlet)
  A necrophage (D:6)
  5 centaurs
  7 boggarts
  A lemure (D:4)
  A phantom (D:4)
  4 kobold brigands
  An elf zombie (Ossuary)
  A wyvern zombie (D:9)
  3 bullfrogs
  2 gnoll sergeants
  3 scorpions
  A wyvern skeleton (D:7)
  A water moccasin zombie (D:5)
  A hornet simulacrum (D:15)
  Dowan (D:5)
  A water moccasin skeleton (D:6)
  5 killer bees (D:9)
  A howler monkey (D:5)
  9 electric eels
  2 jellies
  A crimson imp (D:4)
  6 centaur zombies
  2 bullfrog skeletons
  A gnoll shaman (D:7)
  A centaur skeleton (D:7)
  7 hounds
  6 orc priests
  Crazy Yiuf (D:2)
  Jessica (D:2)
  8 orc wizards
  A hound zombie (D:5)
  A hound skeleton (D:4)
  3 mummies (Ossuary)
  A howler monkey zombie (D:8)
  13 gnolls
  5 adders
  2 shadow imps
  5 white imps
  6 adder zombies (Ossuary)
  An adder skeleton (D:4)
  4 worms
  3 dart slugs
  29 orcs
  4 endoplasms
  4 giant cockroaches
  6 goblins
  8 hobgoblins
  12 jackals
  2 quokkas
  2 ball pythons
  6 bats
  2 frilled lizards
  3 goblin zombies (Ossuary)
  A hobgoblin zombie (Ossuary)
  23 kobolds
  A kobold zombie (Ossuary)
  3 quokka zombies
  3 rats
  5 rat zombies
406 creatures vanquished.

Vanquished Creatures (others)
  A demonic plant (Gauntlet)
  13 fungi
  11 plants
  12 withered plants (D:15)
37 creatures vanquished.

Grand Total: 443 creatures vanquished

Notes
Turn   | Place    | Note
-------+----------+-------------------------------------------
     0 | D:1      | Ijustatesigmund the Hill Orc Fighter began the quest for
                  | the Orb.
     0 | D:1      | Reached XP level 1. HP: 19/19 MP: 1/1
   285 | D:1      | Reached XP level 2. HP: 27/27 MP: 2/2
   472 | D:1      | Found a faded altar of an unknown god.
   621 | D:1      | You fall into a shaft and drop 1 floor!
   621 | D:2      | Noticed Sigmund
   638 | D:2      | Killed Sigmund
   639 | D:2      | Reached skill level 5 in Fighting
   639 | D:2      | Reached XP level 3. HP: 36/36 MP: 3/3
   639 | D:2      | Reached XP level 4. HP: 42/42 MP: 4/4
   639 | D:2      | Reached XP level 5. HP: 48/48 MP: 5/5
  1429 | D:2      | Noticed Jessica
  1430 | D:2      | Killed Jessica
  1485 | D:2      | Found a runed translucent door.
  1486 | D:2      | Noticed Crazy Yiuf
  1960 | D:2      | Reached XP level 6. HP: 56/56 MP: 6/6
  2500 | D:3      | Found a sparkling altar of Nemelex Xobeh.
  3311 | D:4      | Noticed Menkaure
  3322 | D:4      | Killed Menkaure
  3323 | D:4      | Reached skill level 1 in Evocations
  3323 | D:4      | Reached XP level 7. HP: 31/62 MP: 7/7
  3636 | D:2      | Killed Crazy Yiuf
  4035 | D:4      | Found a transporter.
  4509 | D:4      | Found a transporter.
  4517 | D:4      | Found a one-way gate to the infinite horrors of the Abyss.
  4517 | D:4      | Noticed karf's ghost (novice FoFi)
  4665 | D:4      | Found a stormy altar of Qazlal.
  4678 | D:4      | Found a blossoming altar of Fedhas.
  4974 | D:5      | Entered Level 5 of the Dungeon
  4975 | D:5      | Identified 2 scrolls of acquirement
  4975 | D:5      | Acquired a manual of Invocations
  4982 | D:5      | Acquired a +3 vorpal war axe
  5005 | D:5      | Noticed Eustachio
  5006 | D:5      | Noticed a two-headed ogre
  5018 | D:5      | Killed a two-headed ogre
  5019 | D:5      | Reached skill level 5 in Armour
  5019 | D:5      | Reached XP level 8. HP: 51/73 MP: 8/8
  5025 | D:5      | Killed Eustachio
  5167 | D:5      | Noticed Duvessa
  5167 | D:5      | Noticed Dowan
  5185 | D:5      | Killed Duvessa
  5193 | D:5      | Killed Dowan
  5194 | D:5      | Reached XP level 9. HP: 26/81 MP: 9/9
  5208 | D:5      | Found a sand-covered staircase.
  5215 | Ossuary  | Entered an ossuary
  5730 | D:5      | Noticed Pikel
  5815 | D:4      | Killed Pikel
  5931 | D:5      | Reached skill level 10 in Axes
  5948 | D:5      | Reached skill level 5 in Shields
  6860 | D:6      | Reached XP level 10. HP: 87/92 MP: 10/10
  6966 | D:6      | Found a staircase to the Ecumenical Temple.
  6997 | Temple   | Entered the Ecumenical Temple
  7209 | Temple   | Became a worshipper of Cheibriados the Contemplative
  7395 | D:6      | Reached skill level 2 in Invocations
  7577 | D:7      | Reached skill level 3 in Invocations
  7614 | D:7      | Reached skill level 4 in Invocations
  7650 | D:7      | Reached skill level 5 in Invocations
  7655 | D:7      | Reached skill level 6 in Invocations
  7720 | D:7      | Reached skill level 8 in Invocations
  7753 | D:7      | Reached * piety under Cheibriados
  7775 | D:7      | Reached skill level 9 in Invocations
  7786 | D:7      | Reached skill level 10 in Invocations
  7794 | D:7      | Reached skill level 11 in Invocations
  7804 | D:7      | Killed an unseen horror
  7986 | D:7      | Noticed a gargoyle
  7992 | D:7      | Killed a gargoyle
  7993 | D:7      | Reached skill level 12 in Invocations
  8086 | D:7      | Reached skill level 13 in Invocations
  8129 | D:7      | Reached skill level 14 in Invocations
  8358 | D:7      | Identified the +3 dagger of Edush {vorpal, SInv}
  8485 | D:7      | Noticed a cyclops
  8737 | D:7      | Killed a cyclops
  8738 | D:7      | Reached skill level 15 in Invocations
  8738 | D:7      | Reached XP level 11. HP: 69/99 MP: 22/22
  8960 | D:4      | Cast into level 1 of the Abyss (kobold brigand)
  8962 | Abyss:1  | Identified the ring "Woxzuzek" {EV+4 SInv}
  9073 | D:4      | Escaped the Abyss
  9079 | D:4      | Reached skill level 16 in Invocations
  9079 | D:4      | Killed karf's ghost
  9306 | D:7      | Identified the +10 plate armour of Ytaask {+Blink rElec
                  | Will+ Str+4}
  9504 | D:7      | Reached skill level 17 in Invocations
  9601 | D:7      | Reached ** piety under Cheibriados
  9614 | D:7      | Reached skill level 10 in Fighting
  9897 | D:8      | Found an iron altar of Okawaru.
 10606 | D:9      | Found a staircase to the Orcish Mines.
 10770 | D:9      | Noticed Maggie
 10790 | D:9      | Reached *** piety under Cheibriados
 10795 | D:9      | Killed Maggie
 11037 | D:10     | Entered Level 10 of the Dungeon
 11622 | D:11     | Noticed a cyclops
 11628 | D:11     | Killed a cyclops
 11799 | D:11     | Reached **** piety under Cheibriados
 12065 | D:11     | Found a staircase to the Lair.
 12078 | D:11     | Noticed a seven-headed hydra
 12081 | D:11     | Killed a four-headed hydra
 12145 | D:11     | Reached XP level 12. HP: 107/110 MP: 24/24
 12251 | D:11     | Reached skill level 10 in Armour
 12495 | D:12     | Found a runed translucent gate.
 12940 | D:12     | Found a runed translucent gate.
 12940 | D:12     | Found a runed translucent gate.
 12941 | D:12     | Noticed a centaur warrior
 12941 | D:12     | Noticed a deep elf knight
 12942 | D:12     | Noticed a centaur warrior
 12942 | D:12     | Noticed a tengu warrior
 12943 | D:12     | Noticed nikki's ghost (journeyman PaFi)
 12944 | D:12     | Noticed a centaur warrior
 13026 | D:12     | Reached ***** piety under Cheibriados
 13521 | D:12     | Noticed a two-headed ogre
 13527 | D:12     | Killed a two-headed ogre
 13914 | D:12     | Found an iron altar of Okawaru.
 14103 | D:13     | Noticed a two-headed ogre
 14112 | D:12     | Killed a two-headed ogre
 15201 | D:13     | Found a gate to the Vaults.
 15313 | D:13     | Reached XP level 13. HP: 122/122 MP: 25/25
 16460 | D:14     | Found Pifos's Weapon Shoppe.
 16756 | D:14     | Reached skill level 1 in Dodging
 17135 | D:14     | Found a blossoming altar of Fedhas.
 17138 | D:14     | Learned a level 1 spell: Apportation
 17618 | D:15     | Entered Level 15 of the Dungeon
 17630 | D:15     | Reached skill level 1 in Translocations
 18435 | D:15     | Found a sacrificial altar of Ru.
 18776 | D:15     | Reached skill level 15 in Armour
 18873 | D:15     | Reached XP level 14. HP: 133/133 MP: 26/26
 18882 | D:15     | Found a staircase to the Depths.
 18906 | D:15     | Reached skill level 15 in Fighting
 19345 | Lair:1   | Entered Level 1 of the Lair of Beasts
 19403 | Lair:1   | Found a gate leading to a gauntlet.
 19416 | Gauntlet | Entered a Gauntlet
 19416 | Gauntlet | Found a transporter.
 19416 | Gauntlet | Found a runed translucent gate.
 19416 | Gauntlet | Found a transporter.
 19421 | Gauntlet | Found a runed translucent gate.
 19422 | Gauntlet | Found a runed translucent gate.
 19429 | Gauntlet | Found a transporter.
 19433 | Gauntlet | Found a transporter.
 19441 | Gauntlet | Found a transporter.
 19445 | Gauntlet | Found a transporter.
 19453 | Gauntlet | Found a transporter.
 19470 | Gauntlet | Found a transporter.
 19485 | Gauntlet | Found a transporter.
 19497 | Gauntlet | Found a transporter.
 19501 | Gauntlet | Found a transporter.
 19572 | Gauntlet | Identified the +7 falchion "Uleef" {elec, rElec rF- Str+4}
 19591 | Gauntlet | Found a transporter.
 19759 | Gauntlet | Annihilated by a minotaur

Illustrated notes

Levels and vault maps discovered:
D:1:      onia_arrival_mini_maze_b, layout_loops_cross,
          hellmonk_ecumenical_altar_leap_of_faith
D:2:      layout_loops_ring, kennysheep_small_spiral, minmay_pentomino_s2,
          uniq_crazy_yiuf_cottage, uniq_sigmund, uniq_jessica
D:3:      layout_basic, mainiacjoe_overflow_boulevard
D:4:      layout_loops_ring, grunt_temple_overflow_forces_of_nature,
          gammafunk_ghost_abyssal_escape, hangedman_feature_mirror,
          dk_noncrumbling_2, uniq_menkaure
D:5:      kennysheep_six_static_rooms, layout_basic, enter_ossuary_4,
          minmay_fractal_squares_diagonal_5, uniq_pikel, uniq_duvessa,
          uniq_eustachio
D:6:      layout_rooms, minmay_temple_entry_glass
D:7:      minmay_the_grid_plus_closed [minmay_the_grid_broken_lines,
          minmay_the_grid_stretched_grid, minmay_the_grid_plusring,
          minmay_the_grid_slots, minmay_the_grid_prize_shrinking_boxes],
          layout_basic
D:8:      layout_loops_cross, okawaru_humans
D:9:      layout_loops_ring, orc_0_dummy, uniq_maggie
D:10:     layout_rooms, hangedman_decor_opposing
D:11:     layout_loops_cross, lair_entry_dummy
D:12:     layout_basic, serial_rivers, chequers_serial_rivers_micro_c,
          chequers_serial_rivers_large_b, chequers_serial_rivers_small_b,
          chequers_serial_rivers_room_b, chequers_serial_rivers_room_a,
          chequers_serial_rivers_small_a, gammafunk_ghost_fury_of_okawaru,
          hex_medium
D:13:     layout_basic, erik_vaults_1, small_statue_intersection
D:14:     layout_basic, fedhas_altar_3, serial_shops,
          nicolae_inconvenience_store, serial_corexii_hall,
          corexii_hall_statues_i, chequers_hall_statues_corner_a,
          corexii_hall_statues_l, corexii_hall_statues_x,
          minmay_large_rounded_square, minivault_16
D:15:     gammafunk_depths_entry_grave, layout_rooms,
          hellmonk_bongcloud_opening, nicolae_ru_the_path_less_chosen
Temple:   hc_temple_tempest_star
Lair:1:   layout_hall_layers, gauntlet_entry_generic, beast_lair_carwin_10,
          grunt_megastairs_5, infiniplex_staircase_pool
Gauntlet: minmay_gauntlet_77_indecision [minmay_gauntlet_arena_77_box,
          minmay_gauntlet_arena_77_run_for_it,
          minmay_gauntlet_arena_77_radiant_squares,
          minmay_gauntlet_arena_77_two_paths,
          minmay_gauntlet_arena_77_block_sizes,
          minmay_gauntlet_arena_77_p_blocks, gauntlet_exit_hidden_loot]

Skill      XL: |  1  2  3  4  5  6  7  8  9 10 11 12 13 14 |
---------------+-------------------------------------------+-----
Axes           | 3 6 7 8 9 10 11 | 11.2
Fighting       | 5 7 9 11 13 14 15 | 15.2
Armour         | 4 5 6 9 13 15 | 15.3
Evocations     | 1 3 4 |  4.5
Shields        | 6 |  6.2
Invocations    | 15 17 | 17.6
Dodging        | 3 4 |  4.2
Translocations | 2 3 |  3.8

Action                   |  1- 3 |  4- 6 |  7- 9 | 10-12 | 13-15 || total
-------------------------+-------+-------+-------+-------+-------++-------
Melee: War axe           |    67 |    65 |   196 |   292 |       ||   620
       Hand axe          |       |   107 |    99 |       |       ||   206
       Broad axe         |       |       |       |   241 |   264 ||   505
Throw: Javelin           |       |       |     5 |     7 |       ||    12
Invok: Bend Time         |       |       |       |     2 |       ||     2
       Slouch            |       |       |       |       |     7 ||     7
       Step From Time    |       |       |       |       |     2 ||     2
Evoke: Wand              |       |       |     3 |    10 |       ||    13
  Use: Potion            |     2 |     1 |     3 |     1 |     3 ||    10
       Scroll            |       |     4 |    10 |    12 |     5 ||    31
 Stab: Paralysed         |       |       |       |     2 |       ||     2
Armor: Scale mail        |    45 |    39 |   107 |       |       ||   191
       Leather armour    |       |       |    18 |    11 |       ||    29
       Chain mail        |       |       |       |    87 |       ||    87
       Plate armour      |       |       |       |   218 |   124 ||   342
Dodge: Dodged            |    31 |    53 |   116 |   186 |   148 ||   534
Block: Buckler           |    17 |    28 |    64 |   338 |   169 ||   616
       Reflection        |       |       |     2 |    19 |    13 ||    34

Table legend: (Time is in decaauts)
 A = Elapsed time spent in this place.
 B = Non-inter-level travel time spent in this place.
 C = Inter-level travel time spent in this place.
 D = Time resting spent in this place.
 E = Time spent auto-exploring this place.
 F = Levels seen in this place.
 G = Mean time per level.
                   A        B        C        D        E       F      G
               +--------+--------+--------+--------+--------+-----+--------+
         Total |  24650 |  23473 |   1177 |   3590 |  15952 |  20 | 1232.5 |
       Dungeon |  23161 |  22067 |   1094 |   3229 |  15587 |  15 | 1544.1 |
        Temple |    229 |    188 |     41 |      0 |    174 |   1 |  229.0 |
          Lair |    109 |     67 |     42 |      0 |      0 |   1 |  109.0 |
         Abyss |    138 |    138 |      0 |      0 |    116 |   1 |  138.0 |
       Ossuary |    489 |    489 |      0 |    290 |     75 |   1 |  489.0 |
      Gauntlet |    522 |    522 |      0 |     70 |      0 |   1 |  522.0 |
               +--------+--------+--------+--------+--------+-----+--------+

Top non-repeatable levels by time:
    D:12: 3058 daAuts
    D:13: 2612 daAuts
    D:14: 2381 daAuts
     D:7: 1964 daAuts
     D:4: 1903 daAuts
    D:15: 1721 daAuts
    D:11: 1392 daAuts
     D:2: 1380 daAuts
     D:5: 1196 daAuts
     D:1: 1104 daAuts
     D:3: 1000 daAuts
     D:8: 980 daAuts
     D:9: 960 daAuts
     D:6: 824 daAuts
    D:10: 680 daAuts
